 Dungeon Crawl Stone Soup version 0.28-a0-1510-gd0f6b136d3 (webtiles) character file.

Game seed: 17166632861998018570

32 cheechan the Cudgeller (level 3, 31/31 HPs)
             Began as a Palentonga Chaos Knight on Jan 15, 2022.
             Was a High Priest of Ignis.
             Quit the game on level 2 of the Dungeon on Jan 16, 2022.
             The game lasted 00:07:24 (1257 turns).

cheechan the Cudgeller (Palentonga Chaos Knight)    Turns: 1257, Time: 00:07:24

Health: 31/31      AC:  6    Str: 15    XL:     3   Next: 8%
Magic:  3/3        EV:  9    Int: 12    God:    Ignis [*****.]
Gold:   79         SH:  0    Dex:  9    Spells: 2/2 levels left

rFire   + . .      SeeInvis +   a - +0 mace (chaos)
rCold   . . .      Faith    .   (no shield)
rNeg    . . .      Spirit   .   b - +2 leather armour
rPois   .          Reflect  .   (no helmet)
rElec   .          Harm     .   (no cloak)
rCorr   .          Rampage  .   (no gloves)
Will    .....                   (no barding)
Stlth   +.........              (no amulet)
HPRegen 0.10/turn               (no ring)
MPRegen 0.08/turn               (no ring)

@: no status effects
A: large, rugged brown scales 3, see invisible, deformed body, roll 1, armoured
tail, weak 1
a: Rolling Charge, Renounce Religion, Fiery Armour, Foxfire Swarm, Rising Flame


You were on level 2 of the Dungeon.
You worshipped Ignis.
Ignis was extremely pleased with you.
You visited 1 branch of the dungeon, and saw 2 of its levels.

You collected 79 gold pieces.

Inventory:

Hand Weapons
 a - a +0 mace of chaos (weapon)
Armour
 b - a +2 leather armour (worn)
Scrolls
 d - a scroll of identify {unknown}
 f - a scroll of amnesia {unknown}
Potions
 c - a potion of might {unknown}
 e - a potion of mutation {unknown}
 g - a potion of heal wounds {unknown}
 h - a potion of curing {unknown}


   Skills:
 + Level 3.4 Fighting
 + Level 3.5 Maces & Flails
 + Level 1.6 Armour
 + Level 1.3 Dodging


You had 2 spell levels left.
You didn't know any spells.
Your spell library was empty.

Dungeon Overview and Level Annotations

Branches:
Dungeon (2/15)

Altars:
Ignis


Innate Abilities, Weirdness & Mutations

You are completely covered in rugged brown scales. (AC +3, +7% HP)
You have supernaturally acute eyesight. (SInv)
Armour fits poorly on your strangely shaped body.
You can roll at nearby foes to attack.
You have a long armoured tail.
You are weak. (Str -2)


Message History

You now have 62 gold pieces (gained 10).
You see here a +0 long sword.
h - a cyan potion
There is a stone staircase leading down here.
There is a stone staircase leading down here.
There is a stone staircase leading down here.
Found 17 gold pieces.
You now have 79 gold pieces (gained 17).
There is a stone staircase leading down here.
You see here a +0 long sword.
You open the door.
There is an open door here.
You open the door.
There is an open door here.
A bat comes into view.
The bat hits you but does no damage. x2
You closely miss the bat. The bat hits you. The bat barely misses you.
You barely miss the bat. The bat hits you but does no damage.
The bat closely misses you.
Okay, then.
Roll where?
Press: ? - help, Q - select action Dir - move target, f - bat
Aim: a bat You roll forward with a clatter of scales!
You hit the bat. You tail-slap the bat.
You kill the bat!
Welcome back, cheechan the Palentonga Chaos Knight.
The flames of Ignis gently warm you.
Press ? for a list of commands and other information.
Welcome back, cheechan the Palentonga Chaos Knight.
The flames of Ignis gently warm you.
Press ? for a list of commands and other information.
Welcome back, cheechan the Palentonga Chaos Knight.
The flames of Ignis gently warm you.
Press ? for a list of commands and other information.
Welcome back, cheechan the Palentonga Chaos Knight.
The flames of Ignis gently warm you.
Press ? for a list of commands and other information.
Are you sure you want to abandon this character and quit the game? (Confirm with "yes".)

#..#......#.##.......
#....................
#...#....#...########
#............#
##...#..#....#
##........#.
#...##...#
##........#
#..@#..#....
#...........
#..#....#...
#..........
#.#......#.
#..........
####....... #######


There were no monsters in sight!

Vanquished Creatures
  2 worms (D:2)
  An endoplasm (D:1)
  A giant cockroach (D:1)
  A goblin (D:2)
  A hobgoblin (D:2)
  5 kobolds
  2 quokkas (D:1)
  3 ball pythons (D:1)
  7 bats
  A frilled lizard (D:1)
  2 rats (D:1)
26 creatures vanquished.

Vanquished Creatures (others)
  12 foxfires (D:1)
  4 toadstools (D:1)
16 creatures vanquished.

Grand Total: 42 creatures vanquished

Notes
Turn   | Place    | Note
-------+----------+-------------------------------------------
     0 | D:1      | cheechan the Palentonga Chaos Knight began the quest for
                  | the Orb.
     0 | D:1      | Reached XP level 1. HP: 19/19 MP: 1/1
    96 | D:1      | Reached skill level 1 in Dodging
    98 | D:1      | Reached XP level 2. HP: 25/25 MP: 2/2
   252 | D:1      | Found a faded altar of an unknown god.
   355 | D:1      | Prayed at the altar of an unknown god.
   355 | D:1      | Fell from the grace of Xom
   355 | D:1      | Became a worshipper of Ignis, the Dying Flame
   596 | D:1      | XOM: noise
  1006 | D:2      | Reached XP level 3. HP: 13/31 MP: 3/3
  1065 | D:2      | XOM: give mutation
  1065 | D:2      | Gained mutation: You are weak. (Str -2) [Xom's mischief]
  1257 | D:2      | Quit the game

Illustrated notes

Levels and vault maps discovered:
D:1:      ldierk_water_garden, layout_rooms, basic_ecumenical_altar,
          serial_bayou_pond_e
D:2:      layout_basic, minmay_misc_feat_more_columns

Skill      XL: |  1 |
---------------+----+-----
Dodging        | 1 |  1.3
Fighting       | |  3.4
Maces & Flails | |  3.5
Armour         | |  1.6

Action                   || total
-------------------------++-------
Melee: Mace              ||    59
       Tailslap          ||     7
Invok: Foxfire Swarm     ||     1
 Abil: Rolling Charge    ||    11
Armor: Leather armour    ||    46
Dodge: Dodged            ||    42

Table legend: (Time is in decaauts)
 A = Elapsed time spent in this place.
 B = Non-inter-level travel time spent in this place.
 C = Inter-level travel time spent in this place.
 D = Time resting spent in this place.
 E = Time spent auto-exploring this place.
 F = Levels seen in this place.
 G = Mean time per level.
                   A        B        C        D        E       F      G
               +--------+--------+--------+--------+--------+-----+--------+
         Total |   1277 |   1277 |      0 |      0 |      0 |   2 |  638.5 |
       Dungeon |   1277 |   1277 |      0 |      0 |      0 |   2 |  638.5 |
               +--------+--------+--------+--------+--------+-----+--------+

Top non-repeatable levels by time:
     D:1: 644 daAuts
     D:2: 633 daAuts
